Description

Innovation vs Clem - Golden Wall - 4/12/20

Build Order

Get SALT Encoding   

  14  0:17  Supply Depot  
  15  0:28  Refinery  
  16  0:45  Barracks  
  18  1:00  Action Scout  
  20  1:32  Reaper, Orbital Command  
  20  1:45  Command Center  
  21  2:00  Factory  
  21  2:10  Barracks Reactor  
  22  2:15  Supply Depot  
  23  2:25  Refinery Keep 1 On  
  23  2:45  Action Swap Barrack + Factory  
  25  2:50  Hellion x2  
  29  2:55  Supply Depot, Starport  
  30  3:00  Hellion x2  
  30  3:26  Supply Depot  
  3  3:31  Liberator  
  3  3:40  Hellion x2  
  3  3:45  Orbital Command  
  4  4:00  Hellion x2  
  4  4:01  Action Fill 2nd Gas  
  4  4:10  Barracks Tech Lab, Starport Tech Lab  
  4  4:25  Refinery 3rd  
  4  4:30  Supply Depot  
  4  4:35  Action Swap Barracks + Factory  
  4  4:40  Marine x2, Siege Tank, Raven  
  4  4:50  Supply Depot  
  5  5:10  Marine x2, Raven  
  5  5:20  Command Center, Siege Tank 3rd  
  5  5:25  Refinery 4th  
  5  5:37  Supply Depot  
  6  6:00  Action Swap Barracks + Starport  
  6  6:01  Siege Tank  
  6  6:05  Barracks x2  
  6  6:10  Viking x2  
  6  6:30  Engineering Bay x2  
  6  6:40  Siege Tank, Medivac x2  
  6  6:50  Barracks Reactor x2  
  6  6:55  Terran Infantry Weapons Level 1, Terran Infantry Armor Level 1  
  7  7:00  Barracks x2  
  7  7:50  Combat Shield, Barracks Reactor x2  
  7  7:55  Armory  
  9  9:00  Sensor Tower x2  
  9  9:15  Factory Replace last tech lab on barrack  
Spawning Tool Build Advisor. Get it on Overwolf

Go to:

Details

  • Created by: zeemolol
  • Published on: May 22, 2020
  • Modified on: May 22, 2020
  • Patch: 4.11.0
Show
View Real Time Build Order
Export as new Build Order

Comments (0)

There are no comments. Be the first!

Create an account to comment!